 Dungeon Crawl Stone Soup version 0.22-a0-379-ga9d99d6 (webtiles) character file.

103196 mortelune the Fencer (level 15, -7/123 HPs)
             Began as a Demonspawn Abyssal Knight on Apr 28, 2018.
             Was a High Priest of Lugonu.
             Killed by the air
             ... invoked by a wind drake
              (11 damage)
             ... on level 1 of the Shoals.
             The game lasted 01:40:53 (41493 turns).

mortelune the Fencer (Demonspawn Abyssal Knight)   Turns: 41493, Time: 01:40:53

Health: -7/123     AC: 20    Str: 21    XL:     15   Next: 88%
Magic:  0/26       EV:  9    Int: 14    God:    Lugonu [*****.]
Gold:   1386       SH:  5    Dex: 18    Spells: 14/14 levels left

rFire    + . .     SeeInvis +   Z - +1 triple sword (vamp)
rCold    + . .     Gourm    .   (shield currently unavailable)
rNeg     . . .     Faith    .   k - +1 chain mail "Kehyunk" {Str+3 Dex+2 SInv}
rPois    .         Spirit   +   l - +1 hat
rElec    .         Reflect  +   r - +0 cloak
rCorr    .         Harm     .   j - +1 pair of gloves {Dex+3}
MR       +....                  (boots unavailable)
Stlth    ..........             G - +5 amulet of reflection
HPRegen  0.30/turn              V - ring of protection from cold
MPRegen  0.40/turn              a - ring of protection from fire

@: no status effects
A: hooves 3, slimy green scales 1, nightstalker 2, magic shield, magic
regeneration
a: Depart the Abyss, Bend Space, Banish, Corrupt, Enter the Abyss, Renounce
Religion


You were on level 1 of the Shoals.
You worshipped Lugonu.
Lugonu was extremely pleased with you.
You were very hungry.

You visited 4 branches of the dungeon, and saw 24 of its levels.
You visited the Abyss 1 time.
You also visited: Ice Cave.

You collected 3107 gold pieces.
You spent 1721 gold pieces at shops.

Inventory:

Hand Weapons
 Z - a +1 vampiric triple sword (weapon)
Missiles
 w - 11 javelins (quivered)
 y - 52 tomahawks
Armour
 j - a +1 pair of gloves of dexterity (worn)
 k - the +1 chain mail "Kehyunk" (worn) {Str+3 Dex+2 SInv}
   (You found it on level 6 of the Lair of Beasts)

   It affects your strength (+3).
   It affects your dexterity (+2).
   It lets you see invisible.
 l - a +1 hat (worn)
 r - a +0 cloak (worn)
 P - +0 fire dragon scales
Jewellery
 a - a ring of protection from fire (right hand)
 n - an uncursed ring of ice
 o - an uncursed ring of ice
 v - a +3 ring of protection
 G - a +5 amulet of reflection (around neck)
 N - an uncursed ring of protection from cold
 Q - the amulet "Yneots" {rC+ Regen+}
   (You found it on level 9 of the Dungeon)

   [amulet of regeneration]

   It protects you from cold.
   It increases your rate of regeneration.
 T - an uncursed ring of stealth
 V - a ring of protection from cold (left hand)
Wands
 h - a wand of flame (25)
 m - a wand of iceblast (15)
 t - a wand of digging (55)
 B - a wand of polymorph (32)
 M - a wand of random effects (41)
 Y - a wand of paralysis (37)
Scrolls
 b - 7 scrolls of teleportation
 f - 10 scrolls of remove curse
 g - 4 scrolls of enchant armour
 u - 4 scrolls of immolation
 x - 4 scrolls of fog
 z - a scroll of summoning
 A - a scroll of magic mapping
 H - 2 scrolls of silence
 I - 4 scrolls of amnesia
 R - a scroll of enchant weapon
 S - 5 scrolls of identify
 U - a scroll of brand weapon
 W - a scroll of vulnerability {unknown}
Potions
 d - a potion of flight
 i - 4 potions of might
 p - 2 potions of lignification
 q - 2 potions of ambrosia
 s - 2 potions of agility
 C - a potion of magic {unknown}
 D - 6 potions of mutation
 E - 4 potions of cancellation
 F - a potion of brilliance
 J - a potion of resistance
 L - 5 potions of haste
Miscellaneous
 X - a fan of gales
Comestibles
 c - 21 rations


   Skills:
 + Level 13.0 Fighting
 + Level 15.6 Long Blades
 + Level 6.3 Throwing
 + Level 11.8 Armour
 + Level 1.9 Dodging
   Level 4.0 Shields
 + Level 14.9 Invocations


You had 14 spell levels left.
You didn't know any spells.

Dungeon Overview and Level Annotations

Branches:
Dungeon (15/15)            Temple (0/1) D:5            Lair (6/6) D:10
 Shoals (1/4) Lair:2       Spider (0/4) Lair:4        Slime (0/5) Lair:5
    Orc (2/2) D:12            Elf (0/3) Orc:2        Vaults (0/5) D:13
 Depths (0/5) D:15

Altars:
Ashenzari
Dithmenos
Gozag
Hepliaklqana
Makhleb
Qazlal
Vehumet
Xom
Beogh

Shops:
D:5 ((?(   D:7 %   D:8 !   Orc:1 [%[   Orc:2 %}*(

Annotations:
D:4 Totori's ghost, amateur HuWn
D:14 corrupted, 1 exclusion
Lair:2 exclusion: ice statue
Lair:6 corrupted
Abyss:1 Sonja


Innate Abilities, Weirdness & Mutations

You have hooves in place of feet.
You are partially covered in slimy green scales. (AC +2)
You are significantly more attuned to the shadows.
When hurt, damage is shared between your health and your magic reserves.
You regenerate magic rapidly.


Message History

* * * LOW HITPOINT WARNING * * *
You feel much better. The wind drake flaps its wings at you.
The air twists around and strikes you!
* * * LOW HITPOINT WARNING * * *
The barbed spikes dig painfully into your body as you move.
* * * LOW HITPOINT WARNING * * *
The barbed spikes dig painfully into your body as you move.
* * * LOW HITPOINT WARNING * * *
The wind drake flaps its wings at you. The air twists around and strikes you!
The wind drake bites you but does no damage.
The barbed spikes dig painfully into your body as you move.
* * * LOW HITPOINT WARNING * * *
The barbed spikes dig painfully into your body as you move.
* * * LOW HITPOINT WARNING * * *
The barbed spikes snap loose.
The wind drake flaps its wings at you. The air twists around and strikes you!
You die...

≈≈≈≈≈≈≈......P≈PP.
≈≈≈≈≈≈≈≈≈≈.####.≈P≈≈
≈≈≈≈≈≈≈≈≈..####P≈P.
≈≈≈≈≈≈≈≈≈....##.≈## ..
≈≈≈≈≈≈≈....##.[≈≈.##..
≈≈≈H......####........
≈≈...........#.......#
.....................#
..........H...k.@....#
#...#....###...≈≈....≈
...###...# #....≈...≈≈
...####......≈..≈≈≈.≈≈
...........>...≈≈≈≈≈≈≈
.^........####..≈≈≈≈≈≈
....... .......
≈......


You could see a wind drake.

Vanquished Creatures
  Agnes (D:14)
  Louise (D:14)
  A frost giant (IceCv)
  A dire elephant (D:15)
  Snorg (D:14)
  A great orb of eyes (D:15)
  Fannar (Lair:1)
  A fire dragon (D:14)
  An ogre mage (D:12)
  A hydra (D:15)
  5 centaur warriors
  A death knight (D:14)
  15 two-headed ogres
  A death yak (Lair:6)
  4 orc high priests
  Urug (Lair:2)
  A glowing orange brain (shapeshifter) (D:15)
  An unseen horror (D:13)
  A wizard (D:14)
  2 orc knights (Orc:2)
  12 ugly things
  A wolf spider (D:15)
  10 slime creatures
  2 deep elf magi (D:15)
  4 orc sorcerers
  2 manticores
  A salamander (D:15)
  10 elephants
  Maurice (D:13)
  7 cyclopes
  An ice statue (IceCv)
  2 centaur zombies (D:13)
  4 black mambas
  A gargoyle (D:13)
  5 spiny frogs
  A kobold demonologist (D:13)
  2 efreet (D:15)
  A komodo dragon (shapeshifter) (D:14)
  A yaktaur (D:14)
  3 rime drakes
  7 komodo dragons
  5 trolls
  2 wind drakes (Shoals:1)
  3 hornets (D:12)
  A slime creature (shapeshifter) (D:13)
  15 polar bears
  A meliai zombie (D:14)
  5 dream sheep
  A hippogriff (shapeshifter) (D:13)
  8 blink frogs
  8 hippogriffs
  A snapping turtle (Shoals:1)
  2 shadows
  A wraith (D:14)
  A yak (shapeshifter) (D:13)
  A vampire (D:13)
  6 wyverns
  A water elemental (Shoals:1)
  52 yaks
  3 basilisks
  A fire elemental (D:14)
  A steam dragon (D:14)
  2 hungry ghosts
  4 hogs
  A human (D:9)
  A redback simulacrum (D:14)
  A soldier ant (D:15)
  15 wargs
  4 acid dragons
  5 water moccasins
  27 orc warriors
  10 porcupines
  4 sky beasts
  7 ice beasts
  2 black bears
  An eye of draining (D:12)
  5 phantoms
  11 ogres
  16 centaurs
  29 wolves
  9 crocodiles
  5 big kobolds
  25 bullfrogs
  A wyvern zombie (D:14)
  9 scorpions
  2 wyvern skeletons
  21 killer bees
  18 wights
  5 howler monkeys
  3 electric eels
  10 crimson imps
  3 bullfrog zombies
  A quasit (D:7)
  3 bullfrog skeletons
  A hound (D:12)
  A gnoll shaman (D:2)
  20 orc priests
  Crazy Yiuf (D:6)
  20 orc wizards
  7 centaur skeletons
  2 jellies
  2 iguanas
  10 worker ants
  2 hound skeletons
  9 adders
  8 gnolls
  A howler monkey skeleton (D:7)
  A shadow imp (D:9)
  13 white imps
  An ooze (D:1)
  3 adder skeletons
  4 worms
  A dart slug (D:1)
  4 leopard geckos
  137 orcs
  7 bats
  9 giant cockroaches
  2 hobgoblins
  7 jackals
  31 kobolds
  4 quokkas
  A frilled lizard (D:2)
  5 goblins
  A jackal skeleton (D:5)
  A leopard gecko skeleton (D:6)
  A quokka skeleton (D:4)
  8 rats
  2 fungi (D:6)
  3 plants (D:7)
829 creatures vanquished.

Vanquished Creatures (others)
  Rupert (D:14)
  Nessos (D:14)
  6 hydras
  A catoblepas (Lair:6)
  An ice dragon (Lair:2)
  A death knight (D:15)
  2 two-headed ogres
  The ghost of DEFE the Severer, a novice MiFi of the Shining One (D:7)
  2 death yaks (Lair:6)
  An unseen horror (D:11)
  2 lindwurms (Lair:6)
  3 orc knights
  An orc sorcerer (D:7)
  A manticore (Lair:6)
  A cyclops (D:15)
  An elephant (Lair:3)
  A komodo dragon (Lair:3)
  A rime drake (Lair:6)
  A troll (D:14)
  2 dream sheep (Lair:6)
  A warg (D:7)
  An orc wizard (Orc:2)
  A gnoll (D:4)
  An adder (D:4)
  A leopard gecko (D:4)
  An orc (D:4)
  3 jackals (D:4)
  A frilled lizard (D:4)
  5 fungi
  7 plants
  3 starspawn tentacles (D:14)
56 creatures vanquished.

Grand Total: 885 creatures vanquished

Notes
Turn   | Place    | Note
-------+----------+-------------------------------------------
     0 | Abyss:1  | mortelune the Demonspawn Abyssal Knight began the quest for the Orb.
     0 | Abyss:1  | Reached XP level 1. HP: 18/18 MP: 2/2
    33 | Abyss:1  | Noticed a small abomination
    35 | D:1      | Escaped the Abyss
   133 | D:1      | Reached skill level 1 in Dodging
   238 | D:1      | Reached skill level 2 in Long Blades
   451 | D:1      | Gained mutation: When hurt, damage is shared between your health and your magic reserves. [demonic ancestry]
   451 | D:1      | Reached XP level 2. HP: 24/24 MP: 3/3
  1252 | D:2      | Reached XP level 3. HP: 10/29 MP: 1/4
  1887 | D:2      | Reached * piety under Lugonu
  2232 | D:1      | Reached skill level 3 in Long Blades
  2779 | D:2      | Reached XP level 4. HP: 26/36 MP: 2/5
  3589 | D:3      | Gained mutation: You are partially covered in slimy green scales. (AC +2) [demonic ancestry]
  3589 | D:3      | Reached XP level 5. HP: 24/42 MP: 3/6
  4109 | D:2      | Reached skill level 4 in Long Blades
  5002 | D:4      | Found a shimmering altar of Xom.
  5047 | D:4      | Gained mutation: You are slightly more attuned to the shadows. [demonic ancestry]
  5047 | D:4      | Reached XP level 6. HP: 41/48 MP: 7/7
  5496 | D:4      | Reached ** piety under Lugonu
  5563 | D:4      | Noticed Totori's ghost (amateur HuWn)
  5585 | D:5      | Entered Level 5 of the Dungeon
  6120 | D:5      | Found Ohenog's Antique Weapon Emporium.
  6292 | D:5      | Found a shadowy altar of Dithmenos.
  6311 | D:5      | Found Fouwigg's Magic Scroll Shoppe.
  6314 | D:5      | Bought a scroll of summoning for 114 gold pieces
  6314 | D:5      | Bought a scroll of fog for 24 gold pieces
  6314 | D:5      | Bought a scroll of magic mapping for 42 gold pieces
  6314 | D:5      | Bought a scroll of enchant armour for 90 gold pieces
  6349 | D:5      | Found Fuyschudgh's Weapon Shop.
  6360 | D:5      | Found a staircase to the Ecumenical Temple.
  6431 | D:5      | Reached skill level 5 in Long Blades
  6535 | D:5      | Noticed a hungry ghost
  6603 | D:4      | Killed a hungry ghost
  6603 | D:4      | Gained mutation: You have large cloven feet. [demonic ancestry]
  6603 | D:4      | Reached XP level 7. HP: 50/55 MP: 8/8
  6615 | D:4      | Reached skill level 5 in Fighting
  7533 | D:5      | Found Gevievo's Antique Weapon Shop.
  7659 | D:6      | Reached skill level 6 in Long Blades
  8152 | D:6      | Found a shattered altar of Ashenzari.
  8238 | D:6      | Gained mutation: You are significantly more attuned to the shadows. [demonic ancestry]
  8238 | D:6      | Reached XP level 8. HP: 48/63 MP: 6/9
  8526 | D:6      | Reached *** piety under Lugonu
  8962 | D:6      | Found a hazy altar of Hepliaklqana.
  9091 | D:6      | Found a runed door.
  9095 | D:6      | Noticed Crazy Yiuf
  9104 | D:6      | Killed Crazy Yiuf
  9394 | D:7      | Reached skill level 7 in Long Blades
  9498 | D:7      | Noticed a hippogriff
  9508 | D:7      | Killed a hippogriff
  9508 | D:7      | Reached skill level 5 in Armour
  9748 | D:7      | Reached XP level 9. HP: 39/71 MP: 7/12
 10115 | D:7      | Reached skill level 8 in Long Blades
 10154 | D:7      | Reached skill level 5 in Invocations
 11303 | D:7      | Noticed an orc knight
 11546 | D:7      | Banished an orc knight
 11558 | D:7      | Reached skill level 9 in Long Blades
 11870 | D:7      | Reached XP level 10. HP: 63/79 MP: 11/14
 11945 | D:7      | Noticed an orc sorcerer
 11953 | D:7      | Banished an orc sorcerer
 12250 | D:7      | Found Wualigesch's Food Shop.
 12803 | D:7      | Noticed DEFE's ghost (novice MiFi)
 12985 | D:7      | Banished DEFE's ghost
 13073 | D:8      | Found Tauves's Distillery.
 13080 | D:8      | Bought 2 potions of haste for 280 gold pieces
 13433 | D:8      | Found an opulent altar of Gozag.
 13751 | D:8      | Found a radiant altar of Vehumet.
 13780 | D:8      | Noticed a two-headed ogre
 14250 | D:8      | Banished a two-headed ogre
 14250 | D:8      | Reached skill level 10 in Long Blades
 14599 | D:9      | Got a vibrating ruby amulet
 14765 | D:9      | Reached **** piety under Lugonu
 15417 | D:10     | Entered Level 10 of the Dungeon
 15894 | D:10     | Gained mutation: You regenerate magic rapidly. [demonic ancestry]
 15894 | D:10     | Reached XP level 11. HP: 67/87 MP: 13/17
 16660 | D:10     | Noticed a two-headed ogre
 18084 | D:9      | Reached ***** piety under Lugonu
 18250 | D:10     | Reached skill level 11 in Long Blades
 18524 | D:10     | Noticed a two-headed ogre
 18531 | D:10     | Killed a two-headed ogre
 18632 | D:10     | Killed a two-headed ogre
 18841 | D:10     | Found a staircase to the Lair.
 18876 | D:10     | Found a stormy altar of Qazlal.
 19467 | D:5      | Bought a warped dagger for 161 gold pieces
 19468 | D:5      | Identified the +0 dagger of Crystal {holy, Stlth+} (You bought it in a shop on level 5 of the Dungeon)
 19472 | D:5      | Identified the amulet "Yneots" {rC+ Regen+} (You found it on level 9 of the Dungeon)
 19955 | D:11     | Banished an unseen horror
 20066 | D:11     | Noticed a two-headed ogre
 20078 | D:11     | Killed a two-headed ogre
 20078 | D:11     | Reached skill level 10 in Invocations
 20152 | D:11     | Noticed a two-headed ogre
 20171 | D:11     | Killed a two-headed ogre
 20417 | D:11     | Got a faintly humming leather armour
 20428 | D:11     | Identified the +1 leather armour "Paotzogag" {rN+} (You found it on level 11 of the Dungeon)
 20472 | D:11     | Noticed a two-headed ogre
 20484 | D:11     | Killed a two-headed ogre
 20484 | D:11     | Reached XP level 12. HP: 56/97 MP: 11/19
 21073 | Lair:1   | Entered Level 1 of the Lair of Beasts
 21268 | Lair:1   | Reached skill level 12 in Long Blades
 21674 | Lair:1   | Reached skill level 1 in Shields
 22023 | Lair:2   | Found a staircase to the Shoals.
 22137 | Lair:2   | Noticed Fannar
 22138 | Lair:2   | Noticed Urug
 22186 | Lair:1   | Killed Fannar
 22186 | Lair:1   | Reached skill level 10 in Fighting
 22368 | Lair:2   | Killed Urug
 22518 | Lair:2   | Noticed an ice dragon
 22530 | Lair:2   | Banished an ice dragon
 22780 | Lair:2   | Noticed a seven-headed hydra
 22789 | Lair:2   | Banished a seven-headed hydra
 24183 | Lair:3   | Gained mutation: You have hoof-like feet. [demonic ancestry]
 24183 | Lair:3   | Reached XP level 13. HP: 85/104 MP: 21/21
 24240 | Lair:3   | Reached skill level 13 in Long Blades
 24402 | Lair:3   | Noticed Sonja
 24412 | Lair:3   | Banished Sonja
 25581 | Lair:4   | Found a hole to the Spider Nest.
 27484 | Lair:5   | Found a staircase to the Slime Pits.
 27589 | Lair:6   | Entered Level 6 of the Lair of Beasts
 28771 | Lair:6   | Reached skill level 10 in Armour
 29199 | Lair:6   | Corrupted Lair:6
 29199 | Lair:6   | Noticed a starcursed mass
 29199 | Lair:6   | Noticed a starcursed mass
 29199 | Lair:6   | Noticed a starcursed mass
 29199 | Lair:6   | Noticed a blizzard demon
 29200 | Lair:6   | Noticed a starcursed mass
 29269 | Lair:6   | Noticed a balrug
 29387 | Lair:6   | Got a heavily runed chain mail
 29398 | Lair:6   | Identified the cursed +1 chain mail "Kehyunk" {Str+3 Dex+2 SInv} (You found it on level 6 of the Lair of Beasts)
 30059 | D:12     | Found a burning altar of Makhleb.
 30239 | D:12     | Reached skill level 14 in Long Blades
 30249 | D:12     | Reached skill level 1 in Throwing
 30254 | D:12     | Gained mutation: You have hooves in place of feet. [demonic ancestry]
 30254 | D:12     | Reached XP level 14. HP: 48/113 MP: 8/23
 30354 | D:12     | Paralysed by an ogre mage for 7 turns
 30573 | D:12     | Found a staircase to the Orcish Mines.
 30867 | D:12     | Found a transporter.
 30920 | D:13     | Paralysed by a hornet for 1 turns
 30925 | D:13     | Paralysed by a hornet for 2 turns
 30928 | D:12     | Paralysed by a hornet for 3 turns
 31456 | D:13     | Noticed Maurice
 31469 | D:13     | Killed Maurice
 31473 | D:13     | Paralysed by a floating eye for 2 turns
 31516 | D:13     | Found a gate to the Vaults.
 31857 | D:14     | Noticed Snorg
 31865 | D:14     | HP: 5/114 [Snorg (20)]
 31868 | D:14     | Killed Snorg
 32031 | D:14     | Noticed Agnes
 32137 | Orc:1    | Entered Level 1 of the Orcish Mines
 32255 | Orc:1    | Found Lewuebecw's Armour Shoppe.
 32274 | Orc:1    | Found Tekyci's Food Shop.
 32343 | Orc:1    | Found a burning altar of Makhleb.
 32380 | Orc:1    | Found Zujoshu's Antique Armour Emporium.
 32454 | Orc:2    | Entered Level 2 of the Orcish Mines
 32539 | Orc:2    | Found a frozen archway.
 32562 | IceCv    | Entered an ice cave
 32614 | IceCv    | Reached ****** piety under Lugonu
 33144 | IceCv    | Noticed a frost giant
 33177 | IceCv    | Killed a frost giant
 33696 | Orc:2    | Found a staircase to the Elven Halls.
 34239 | Orc:2    | Reached skill level 15 in Long Blades
 34411 | Orc:2    | Reached XP level 15. HP: 70/121 MP: 16/25
 34552 | Orc:2    | Found Godwic's Weapon Boutique.
 34552 | Orc:2    | Found Biwug's General Store.
 34556 | Orc:2    | Found Qeck's Gadget Boutique.
 34556 | Orc:2    | Found Gim Miwi's Food Shoppe.
 34570 | Orc:2    | Bought 2 potions of might for 96 gold pieces
 34570 | Orc:2    | Bought a +5 amulet of reflection for 494 gold pieces
 34910 | D:8      | Bought a potion of might for 56 gold pieces
 34910 | D:8      | Bought a potion of flight for 42 gold pieces
 34910 | D:8      | Bought a potion of cancellation for 112 gold pieces
 34910 | D:8      | Bought a potion of resistance for 140 gold pieces
 34910 | D:8      | Bought a potion of heal wounds for 70 gold pieces
 35022 | D:12     | Found a roughly hewn altar of Beogh.
 35176 | D:12     | Found a transporter.
 36000 | D:14     | Noticed Nessos
 36035 | D:14     | Noticed Louise
 36053 | D:14     | Killed Louise
 36247 | D:14     | Reached skill level 5 in Throwing
 36925 | D:14     | Killed Agnes
 38568 | D:14     | Killed Nessos
 39170 | D:15     | Entered Level 15 of the Dungeon
 39729 | D:15     | Noticed Rupert
 39739 | D:14     | Corrupted D:14
 39739 | D:14     | Noticed a lich
 39739 | D:14     | Noticed a tentacled starspawn
 39740 | D:14     | Noticed an Executioner
 39741 | D:14     | Noticed a lich
 39741 | D:14     | Noticed a tentacled starspawn
 39748 | D:14     | Killed Rupert
 40773 | D:15     | Found a staircase to the Depths.
 41187 | Shoals:1 | Entered Level 1 of the Shoals
 41493 | Shoals:1 | HP: 4/123 [barbs]
 41493 | Shoals:1 | Killed from afar by a wind drake

Vault maps used:
D:1:      saegor_arrival_simple_c
D:4:      first_ration, xom_confusion_cloud
D:5:      minmay_temple_entry_glass, serial_shops, nicolae_shop_trees, shop,
          kennysheep_mini, shop_fountains, nicolae_dithmenos_shadow_blocks
D:6:      kennysheep_little_box, basic_altar, uniq_crazy_yiuf_cottage
D:7:      lemuel_castle_with_subvaults, serial_shops, nicolae_shop_statue_plus
D:8:      basic_altar, serial_shops, shop, nicolae_gozag_seed_capital
D:9:      grunt_decor_cap
D:10:     erik_lair_orcish_takeover, basic_altar, grunt_livestock,
          minmay_crystal_water, grunt_decor_one_mirror, grunt_ministairs_14,
          minmay_misc_feat_alley
D:12:     gammafunk_beogh_shrine, orc_0_dummy, basic_altar
D:13:     david_vaults_2, uniq_maurice
D:14:     nicolae_lava_and_water, uniq_nessos, uniq_snorg, uniq_louise,
          uniq_agnes
D:15:     hangedman_depths_entry_try_elsewhere_first, minmay_misc_feat_room,
          uniq_rupert
Lair:2:   minmay_shoals_entry_centaurs, ice2_lemuel, uniq_urug, uniq_fannar
Lair:3:   grunt_megastairs_2, uniq_sonja
Lair:4:   nicolae_spider_entry_non_spiders, lemuel_fruit_fields
Lair:5:   dpeg_slime_entry_corner, serial_bayou_lagoon_b
Lair:6:   hangedman_lair_in_review, serial_bayou_crossing
Shoals:1: nicolae_shoals_island_circles, serial_shops,
          nicolae_shop_overgrown_old_shop
Orc:1:    serial_shops, shop, shop, nicolae_shop_stone, basic_altar
Orc:2:    grunt_orc_tribal_feast, portal_ice_cave_entry_imps
IceCv:    ice_cave_small_giant

Skill      XL: |  1  2  3  4  5  6  7  8  9 10 11 12 13 14 15 |
---------------+----------------------------------------------+-----
Dodging        | 1 |  1.9
Long Blades    | 2 3 4 5 6 7 9 10 11 12 14 15 | 15.6
Armour         | 2 3 4 5 6 7 8 9 10 11 | 11.8
Fighting       | 4 5 6 7 8 9 10 11 12 13 | 13.0
Invocations    | 4 6 8 10 11 12 13 14 | 14.9
Shields        | 3 4 |  4.0
Throwing       | 1 4 6 |  6.3

Action                   |  1- 3 |  4- 6 |  7- 9 | 10-12 | 13-15 || total
-------------------------+-------+-------+-------+-------+-------++-------
Melee: Falchion          |   108 |   277 |   160 |       |       ||   545
       Kick              |       |       |   139 |   101 |   495 ||   735
       Scimitar          |       |       |   277 |  1340 |   462 ||  2079
       Triple sword      |       |       |       |       |  1013 ||  1013
Throw: Javelin           |       |    18 |    10 |    14 |    17 ||    59
       Tomahawk          |       |     2 |       |       |       ||     2
Invok: Depart the Abyss  |     1 |       |       |       |       ||     1
       Banish            |       |       |     2 |    11 |    20 ||    33
       Bend Space        |       |       |       |       |     3 ||     3
       Corrupt           |       |       |       |       |     2 ||     2
Evoke: Wand              |       |       |       |     2 |     7 ||     9
  Use: Scroll            |     1 |     2 |    11 |    10 |    15 ||    39
       Potion            |       |       |     1 |     4 |    10 ||    15
 Stab: Sleeping          |       |     1 |     1 |     4 |     6 ||    12
       Distracted        |       |       |       |     2 |     1 ||     3
  Eat: Chunk             |     6 |    12 |    12 |    39 |    52 ||   121
       Ration            |       |     2 |     2 |     2 |     5 ||    11
Armor: Leather armour    |     9 |       |       |       |       ||     9
       Ring mail         |    49 |    95 |       |       |       ||   144
       Scale mail        |       |    24 |   196 |   828 |   264 ||  1312
       Plate armour      |       |       |       |     9 |       ||     9
       Chain mail        |       |       |       |       |  1146 ||  1146
Dodge: Dodged            |    79 |   158 |   224 |   677 |   925 ||  2063
Block: Buckler           |       |       |       |   119 |   114 ||   233
       Other             |       |       |       |       |   149 ||   149
       Reflection        |       |       |       |       |    15 ||    15
       Rpst.: Falchion   |    23 |    61 |    22 |       |       ||   106
       Scimitar          |       |       |    47 |   191 |    51 ||   289
       Triple sword      |       |       |       |       |   170 ||   170

Table legend:
 A = Spawn XP
 B = Non-spawn XP
 C = Spawn XP percentage of total XP
 D = Spawn monster count
 E = Non-spawn monster count
 F = Spawn count percentage of total count
 G = Total turns spent on level
                    A         B        C        D         E        F      G
               +---------+---------+-------+---------+---------+-------+---------
         Total |       0 |  147423 |   0.0 |       0 |     849 |   0.0 | 41493
               +---------+---------+-------+---------+---------+-------+---------
           D:1 |       0 |      53 |   0.0 |       0 |      20 |   0.0 |  1961
           D:2 |       0 |     171 |   0.0 |       0 |      25 |   0.0 |  2054
           D:3 |       0 |     137 |   0.0 |       0 |      17 |   0.0 |  1060
           D:4 |       0 |     501 |   0.0 |       0 |      25 |   0.0 |  1169
           D:5 |       0 |     377 |   0.0 |       0 |      15 |   0.0 |  1461
           D:6 |       0 |    1025 |   0.0 |       0 |      23 |   0.0 |  1947
           D:7 |       0 |    4802 |   0.0 |       0 |      78 |   0.0 |  3849
           D:8 |       0 |    1659 |   0.0 |       0 |      39 |   0.0 |  1193
           D:9 |       0 |    4803 |   0.0 |       0 |      61 |   0.0 |  3483
          D:10 |       0 |    4422 |   0.0 |       0 |      47 |   0.0 |  1581
          D:11 |       0 |    5563 |   0.0 |       0 |      33 |   0.0 |  1484
          D:12 |       0 |   15292 |   0.0 |       0 |      59 |   0.0 |  1497
          D:13 |       0 |   11711 |   0.0 |       0 |      44 |   0.0 |  1009
          D:14 |       0 |   23374 |   0.0 |       0 |      57 |   0.0 |  4260
          D:15 |       0 |   17293 |   0.0 |       0 |      41 |   0.0 |  1535
        Lair:1 |       0 |    3645 |   0.0 |       0 |      20 |   0.0 |  1164
        Lair:2 |       0 |    6228 |   0.0 |       0 |      29 |   0.0 |  1520
        Lair:3 |       0 |    9210 |   0.0 |       0 |      34 |   0.0 |  1705
        Lair:4 |       0 |    4918 |   0.0 |       0 |      25 |   0.0 |  1302
        Lair:5 |       0 |    3351 |   0.0 |       0 |      18 |   0.0 |  1364
        Lair:6 |       0 |    9330 |   0.0 |       0 |      29 |   0.0 |  2081
      Shoals:1 |       0 |    1062 |   0.0 |       0 |       4 |   0.0 |   159
         Orc:1 |       0 |     522 |   0.0 |       0 |       9 |   0.0 |   398
         Orc:2 |       0 |    8546 |   0.0 |       0 |      61 |   0.0 |  1198
         IceCv |       0 |    9428 |   0.0 |       0 |      36 |   0.0 |  1024
               +---------+---------+-------+---------+---------+-------+---------
